 Dungeon Sprint DCSS version 0.16-a0-3943-gb4b81e6 (webtiles) character file.

427 BluebellGnoll the Unseen (level 6, -16/28 HPs)
             Began as a Spriggan Enchanter on Feb 8, 2015.
             Demolished by a boulder beetle (33 damage)
             ... in the Dungeon (Sprint II: "The Violet Keep of Menkaure").
             The game lasted 00:02:49 (96 turns).

BluebellGnoll the Unseen (Spriggan Enchanter)         Turns: 96, Time: 00:02:50

Health: -16/28     AC:  3    Str:  4    XL:     6   Next: 65%
Magic:  4/22       EV: 18    Int: 18    God:
Gold:   486        SH:  0    Dex: 17    Spells: 6 memorised, 3 levels left

rFire  . . .     SeeInvis +     a - +1 dagger
rCold  . . .     Clarity  .     b - +1 robe
rNeg   . . .     SustAb   .     (shield restricted)
rPois  .         Gourm    .     (helmet restricted)
rElec  .         Spirit   .     (no cloak)
rCorr  .         Warding  .     (gloves unavailable)
rMut   .         NoTele   +     (boots unavailable)
MR     +....                    (no amulet)
Stlth  ++++++++..               (no ring)
                                (no ring)

@: bonded with blade, very quick, somewhat resistant to hostile enchantments,
extraordinarily stealthy
A: unfitting armour, see invisible, herbivore 3, speed 3, slow metabolism 2
a: no special abilities


You were in the Dungeon.
You were not hungry.

You visited 1 branch You collected 486 gold pieces.

Inventory:

Hand weapons
 a - a +1 dagger (weapon)
Armour
 b - a +1 robe (worn)
Scrolls
 j - a scroll of blinking
Potions
 e - a potion of curing
 f - a potion of heal wounds
 g - a potion of haste
 h - 2 potions of magic
 i - a potion of berserk rage
Books
 c - a book of Maledictions

   Spells                             Type                      Level
   a - Corona                         Hexes                        1
   b - Sure Blade                     Hexes/Charms                 2
   c - Ensorcelled Hibernation        Hexes/Ice                    2
   d - Confuse                        Hexes                        3
   e - Dazzling Spray                 Conjuration/Hexes            3
   f - Enslavement                    Hexes                        4
Comestibles
 d - a bread ration


   Skills:
 - Level 1.1 Short Blades
 - Level 3.0 Dodging
 - Level 18.1 Stealth
 * Level 6.8 Spellcasting
 * Level 3.3 Conjurations
 - Level 3.6 Hexes


You had 3 spell levels left.
You knew the following spells:

 Your Spells              Type           Power        Failure   Level  Hunger
a - Corona                Hex            ###....      2%          1    None
b - Ensorcelled Hibernat  Hex/Ice        ##....       10%         2    None
c - Confuse               Hex            ###.....     10%         3    ##.....
d - Sure Blade            Hex/Chrm       ##........   10%         2    None
e - Dazzling Spray        Conj/Hex       ###.....     10%         3    ##.....
f - Enslavement           Hex            ###.....     28%         4    ####...


Dungeon Overview and Level Annotations

Branches:
Dungeon (1/1)

Altars:


Innate Abilities, Weirdness & Mutations

You are tiny and cannot use many weapons and most armour.
You have supernaturally acute eyesight.
You are a herbivore.
You cover ground extremely quickly.
You need consume almost no food.


Message History

Press: ? - help, Shift-Dir - straight line, f - boulder beetle
Aim: a boulder beetle (sparse dust, moderately wounded, chance 32%)
The boulder beetle easily resists.
Casting: Confuse
Confirm with . or Enter, or press ? or * to list all spells.
Aiming: Confuse
Press: ? - help, Shift-Dir - straight line, f/p - boulder beetle
Aim: a boulder beetle (sparse dust, moderately wounded, chance 32%)
The boulder beetle appears confused.
Casting: Confuse
Confirm with . or Enter, or press ? or * to list all spells.
You become one with your weapon.
You hit the boulder beetle but do no damage.
The boulder beetle is moderately wounded.
You see here a brain worm corpse.
You hit the boulder beetle but do no damage.
The boulder beetle is moderately wounded.
The boulder beetle bites you!!
Ouch! That really hurt!
You die...

##+##
##@..#
#B##..#
####B####
#†###§#
##†.##.##
+.##+.B.+
##†.##§##
#.###§#
### .#§


You could see a boulder beetle (confused).

Vanquished Creatures
  A boulder beetle (D)
  4 brain worms (D)
  4 worker ants (D)
9 creatures vanquished.

Notes
Turn   | Place    | Note
--------------------------------------------------------------
     0 | D        | BluebellGnoll, the Spriggan Enchanter, began the quest for the Orb.
     0 | D        | Reached XP level 1. HP: 9/9 MP: 4/4
     1 | D        | Noticed a brain worm
     5 | D        | Killed a brain worm
     5 | D        | Reached skill level 12 in Stealth
     5 | D        | Reached XP level 2. HP: 13/13 MP: 7/7
     5 | D        | Reached XP level 3. HP: 16/16 MP: 9/9
    12 | D        | Learned a level 2 spell: Ensorcelled Hibernation
    16 | D        | Learned a level 3 spell: Confuse
    19 | D        | Noticed a brain worm
    20 | D        | Killed a brain worm
    20 | D        | Reached skill level 14 in Stealth
    20 | D        | Reached XP level 4. HP: 21/21 MP: 12/12
    21 | D        | Noticed a brain worm
    21 | D        | Noticed a brain worm
    23 | D        | Killed a brain worm
    23 | D        | Reached skill level 16 in Stealth
    23 | D        | Reached XP level 5. HP: 24/24 MP: 14/14
    25 | D        | Killed a brain worm
    25 | D        | Reached skill level 18 in Stealth
    25 | D        | Reached XP level 6. HP: 28/28 MP: 17/17
    38 | D        | Learned a level 3 spell: Dazzling Spray
    39 | D        | Noticed a worker ant
    39 | D        | Noticed a worker ant
    39 | D        | Noticed a worker ant
    39 | D        | Noticed a worker ant
    42 | D        | Killed a worker ant
    42 | D        | Reached skill level 1 in Conjurations
    43 | D        | Killed a worker ant
    46 | D        | Killed a worker ant
    46 | D        | Reached skill level 5 in Spellcasting
    48 | D        | Killed a worker ant
    60 | D        | Learned a level 2 spell: Sure Blade
    65 | D        | Learned a level 4 spell: Enslavement
    65 | D        | Noticed a boulder beetle
    65 | D        | Noticed a boulder beetle
    85 | D        | Killed a boulder beetle
    96 | D        | Demolished by a boulder beetle

Action                   |  1- 3 |  4- 6 || total
-------------------------+-------+-------++-------
Melee: Dagger            |     3 |    11 ||    14
 Cast: Confuse           |       |     6 ||     6
       Sure Blade        |       |     1 ||     1
 Stab: Sleeping          |     2 |     6 ||     8
       Confused          |       |     2 ||     2
